 Dungeon Crawl Stone Soup version 0.20-a0-999-gb5f2a4e (webtiles) character file.

240 pialpha the Chopper (level 5, 0/47 HPs)
             Began as a Draconian Berserker on Apr 11, 2017.
             Was a Priest of Trog.
             Slain by an orc
             ... wielding a +0 short sword
              (3 damage)
             ... on level 3 of the Dungeon on Apr 12, 2017.
             The game lasted 00:11:35 (2198 turns).

pialpha the Chopper (Draconian Berserker)           Turns: 2198, Time: 00:11:36

Health: 0/47       AC:  5    Str: 20    XL:     5   Next: 80%
Magic:  5/5        EV: 13    Int:  8    God:    Trog [***...]
Gold:   93         SH:  0    Dex: 10    Spells: 4/4 levels left

rFire    . . .     SeeInvis .   a - +0 hand axe
rCold    . . .     Gourm    .   (no shield)
rNeg     . . .     Faith    .   (armour unavailable)
rPois    .         Spirit   .   (helmet restricted)
rElec    .         Reflect  .   (no cloak)
rCorr    .         Harm     .   (no gloves)
MR       .....                  (no boots)
Stlth    +.........             (no amulet)
Regen    0.2/turn               (no ring)
MPRegen  0.1/turn               (no ring)

@: no status effects
A: unfitting armour, cold-blooded, AC +5
a: Berserk, Trog's Hand, Burn Spellbooks, Renounce Religion


You were on level 3 of the Dungeon.
You worshipped Trog.
Trog was most pleased with you.
You were not hungry.

You visited 1 branch of the dungeon, and saw 3 of its levels.

You collected 93 gold pieces.

Inventory:

Hand Weapons
 a - a +0 hand axe (weapon)
Scrolls
 c - 3 scrolls of identify {unknown}
 e - a scroll of recharging {unknown}
 j - a scroll of enchant armour {unknown}
 l - a scroll of immolation {unknown}
 n - a scroll of noise {unknown}
 p - a scroll of fog {unknown}
Potions
 d - a potion of degeneration {unknown}
 g - a potion of cancellation {unknown}
 k - 3 potions of curing {unknown}
 m - a potion of mutation {unknown}
 o - a potion of brilliance {unknown}
Comestibles
 b - 3 bread rations
 f - 2 fruits
 h - 2 royal jellies
 i - 10 chunks of flesh
 q - a meat ration


   Skills:
 + Level 4.5 Fighting
 + Level 5.2 Axes
 + Level 3.5 Dodging
 + Level 0.8 Stealth


You had 4 spell levels left.
You didn't know any spells.

Dungeon Overview and Level Annotations

Branches:
Dungeon (3/15)

Altars:
Zin

Shops:
D:2 *


Innate Abilities, Weirdness & Mutations

Your plain brown scales are hard. (AC +5)
You cannot fit into any form of body armour.
You are cold-blooded and may be slowed by cold attacks.


Message History

You slash the orc priest!
The orc priest is heavily wounded.
You hit the orc but do no damage. The orc misses you.
The orc priest calls down the wrath of Beogh upon you.
Pain shoots through your body!
* * * LOW HITPOINT WARNING * * *
You hit the orc priest.
The orc priest is heavily wounded.
You hit the orc. The orc closely misses you.
The orc priest completely misses you.
You hit the orc priest.
The orc priest is almost dead.
You hit the orc but do no damage. The orc closely misses you.
The orc priest calls upon Beogh to heal the orc.
The orc's wounds heal themselves!
You slash the orc priest!
You kill the orc priest!
Trog accepts your kill.
You barely miss the orc. The orc hits you with a short sword.
You die...

########
#########......##
......[@........########
####..#o.[$.............
#..........รท..#######
#.............#
##............#
##...>.......#
#.........>##
#...........# #.
##....$.....## ##.


You could see an orc.

Vanquished Creatures
  An orc priest (D:3)
  An orc wizard (D:3)
  A hound skeleton (D:3)
  4 adders
  An ooze (D:2)
  8 worms
  2 dart slugs
  3 leopard geckos (D:2)
  4 orcs (D:3)
  3 giant cockroaches (D:1)
  13 goblins
  13 hobgoblins
  A jackal (D:1)
  A quokka (D:2)
  2 ball pythons (D:2)
  10 bats
  6 frilled lizards
  7 kobolds
  16 rats
97 creatures vanquished.

Notes
Turn   | Place    | Note
-------+----------+-------------------------------------------
     0 | D:1      | pialpha the Draconian Berserker began the quest for the Orb.
     0 | D:1      | Reached XP level 1. HP: 19/19 MP: 1/1
   174 | D:1      | Reached XP level 2. HP: 22/26 MP: 2/2
   325 | D:1      | Reached ** piety under Trog
   408 | D:1      | Reached XP level 3. HP: 26/33 MP: 3/3
   957 | D:2      | Reached XP level 4. HP: 12/40 MP: 4/4
   970 | D:2      | Reached skill level 4 in Axes
  1272 | D:2      | Reached *** piety under Trog
  1355 | D:2      | Found Zin's Purification Station.
  1356 | D:2      | Found a glowing silver altar of Zin.
  1900 | D:2      | Reached XP level 5. HP: 41/46 MP: 5/5
  2145 | D:3      | Reached skill level 5 in Axes
  2198 | D:3      | Slain by an orc

Vault maps used:
D:1:      mushboom_english_gardens, st_stairs_12, minmay_split_cup_small
D:2:      zin_purify, hex_medium, minmay_joined_circles
D:3:      kennysheep_decorative_pillar, st_stairs_9

Skill      XL: |  1  2  3  4  5 |
---------------+----------------+-----
Dodging        | 3 |  3.5
Fighting       | 4 |  4.5
Axes           | 4 5 |  5.2
Stealth        | |  0.8

Action                   |  1- 3 |  4- 6 || total
-------------------------+-------+-------++-------
Melee: Hand axe          |   159 |   154 ||   313
       Tailslap          |    22 |    19 ||    41
 Stab: Sleeping          |     1 |     1 ||     2
  Eat: Chunk             |       |     5 ||     5
Armor: Skin              |    50 |    36 ||    86
Dodge: Dodged            |    98 |   118 ||   216
